AoeStats
← f.mark96

MegaRandom

505308242Analyzed
3v3 RM · 23d ago on Sep 8, 2026· 47m 20s· 6 players
Game mode
Random Map
Map size
Normal (6 player)
Population
200
Speed
Normal
Resources
Standard
Victory
Conquest
Starting age
Dark Age
Ending age
Imperial Age
RankedLock teamsTeams togetherTeam positionsShared explorationLock speedFull tech treeHidden civsTurbo modeCheats
Victory
Defeat
🇨🇭 Ethiopians · Switzerland
1228
+13
🇹🇷 Britons · Türkiye
1228
+13
🇧🇪 Spanish · Belgium
1106
+19
🇭🇺 Wei · Hungary
1193
-16
🇭🇺 Romans · Hungary
1161
-15
🇭🇺 Italians · Hungary
1149
-14
f.mark96
0:31 Loom
8:57 Feudal Age
9:26 Double-Bit Axe
9:22 Horse Collar
9:32 Gold Mining
15:54 Castle Age
14:29 Stone Mining
15:58 Fletching
16:08 Padded Archer Armor
17:04 Bow Saw
18:01 Wheelbarrow
18:01 Bodkin Arrow
19:20 Town Watch
20:00 Leather Archer Armor
20:41 Gold Shaft Mining
23:01 Bloodlines
22:54 Husbandry
25:59 Heavy Plow
26:31 Ballistics
32:09 Hand Cart
36:22 Imperial Age
33:59 Elite Skirmisher
34:46 Thumb Ring
39:15 Scale Barding Armor
39:20 Forging
40:09 Parthian Tactics
39:50 Bracer
40:23 Ring Archer Armor
39:25 Heavy Hei Guang Cavalry
41:00 Chain Barding Armor
41:55 Chemistry
41:17 Forging
mark.mate96
0:28 Loom
10:33 Feudal Age
10:45 Man-at-Arms
10:59 Man-at-Arms
11:53 Scale Mail Armor
12:29 Forging
16:03 Fletching
16:16 Padded Archer Armor
16:05 Double-Bit Axe
19:45 Horse Collar
24:54 Castle Age
24:34 Gold Mining
25:49 Wheelbarrow
25:01 Town Watch
25:50 Pikeman
29:14 Bow Saw
32:50 Hand Cart
32:37 Town Patrol
32:26 Elite Skirmisher
34:27 Heavy Plow
41:18 Imperial Age
39:40 Ballistics
39:28 Pikeman
45:09 Chemistry
46:57 Onager
Saxon_deez
0:30 Loom
10:04 Feudal Age
10:37 Double-Bit Axe
12:00 Fletching
12:11 Padded Archer Armor
16:07 Scale Mail Armor
18:01 Horse Collar
21:18 Castle Age
22:21 Bow Saw
21:46 Elite Skirmisher
22:24 Bodkin Arrow
22:41 Squires
24:05 Wheelbarrow
26:41 Gold Mining
27:20 Heavy Plow
27:52 Leather Archer Armor
31:45 Ballistics
35:20 Imperial Age
33:22 Hand Cart
33:08 Town Watch
34:16 Scale Barding Armor
34:22 Forging
34:56 Ballistics
34:24 Light Cavalry
37:04 Chemistry
36:17 Masonry
36:36 Bracer
36:19 Pikeman
38:59 Iron Casting
39:32 Two-Man Saw
39:57 Ring Archer Armor
40:08 Crop Rotation
43:47 Cavalier
45:18 Husbandry
46:34 Bloodlines
remo.ledermann
10:22 Feudal Age
11:35 Loom
12:03 Double-Bit Axe
13:06 Fletching
13:20 Padded Archer Armor
24:14 Castle Age
24:29 Crossbowman
25:19 Thumb Ring
25:34 Bodkin Arrow
25:55 Leather Archer Armor
44:05 Imperial Age
42:53 Ballistics
45:25 Arbalester
47:08 Chemistry
46:16 Bracer
46:47 Ring Archer Armor
Hanzani
11:00 Feudal Age
11:19 Loom
15:29 Castle Age
16:18 Forging
16:14 Scale Barding Armor
16:06 Double-Bit Axe
23:43 Bloodlines
25:25 Horse Collar
26:38 Iron Casting
28:12 Fletching
29:14 Light Cavalry
31:27 Wheelbarrow
31:39 Bow Saw
32:19 Chain Barding Armor
32:37 Husbandry
34:49 Heavy Plow
38:04 Imperial Age
36:57 Hand Cart
38:12 Cavalier
39:34 Plate Barding Armor
40:37 Two-Man Saw
41:08 Blast Furnace
45:44 Paladin
Han
0:33 Loom
9:25 Feudal Age
14:07 Castle Age
13:53 Fletching
17:54 Scale Barding Armor
21:45 Double-Bit Axe
25:21 Padded Archer Armor
26:37 Leather Archer Armor
27:02 Gold Mining
28:23 Wheelbarrow
27:25 Crossbowman
29:56 Ballistics
31:50 Husbandry
34:37 Bow Saw
38:02 Imperial Age
36:07 Light Cavalry
37:01 Forging
36:48 Bodkin Arrow
37:16 Horse Collar
38:44 Iron Casting
39:10 Chain Barding Armor
39:20 Conscription
40:20 Elite Skirmisher
41:51 Bracer
42:22 Ring Archer Armor
44:02 Plate Barding Armor
44:29 Blast Furnace
44:05 Cavalier
Connection lost

Rejoining the realm…

Still unreachable

The connection could not be restored.

Session expired

The server has moved on; the page needs a fresh start.